 Dungeon Crawl Stone Soup version 0.30-a0-1123-gabc949cf19 (webtiles) character file.

Game seed: 5685033185914708583

606 Newt the Skirmisher (level 7, 0/44 HPs)
             Began as a Kobold Hunter on Apr 22, 2023.
             Slain by superbruh's ghost (10 damage)
             ... on level 4 of the Dungeon.
             The game lasted 00:03:52 (4286 turns).

Newt the Skirmisher (Kobold Hunter)                 Turns: 4286, Time: 00:04:00

Health: 0/44       AC:  7    Str:  9    XL:     7   Next: 70%
Magic:  0/7        EV: 20    Int: 10    God:
Gold:   218        SH:  0    Dex: 21    Spells: 6/6 levels left

rFire   + . .        k - +1 sling
rCold   . . .        (no shield)
rNeg    + + .        t - +3 leather armour of the Clam {Str+5 SInv}
rPois   .            s - +1 hat "Jatidafi" {rElec rN++ Str-4 Stlth-}
rElec   +            (no cloak)
rCorr   .            (no gloves)
SInv    +            (no boots)
Will    .....        n - amulet of guardian spirit
Stlth   +            i - +5 ring of evasion
HPRegen 0.27/turn    r - ring of protection from fire
MPRegen 0.10/turn

%: guardian spirit
@: very slow
A: small, no large weapons, nightstalker 3
a: no special abilities


You were on level 4 of the Dungeon.
You visited 1 branch of the dungeon, and saw 4 of its levels.

You collected 238 gold pieces.
You spent 20 gold pieces at shops.

Inventory:

Hand Weapons
 a - a +0 shortbow
 k - a +1 sling (weapon)
Armour
 c - a +0 leather armour
 e - an orb of energy
 l - a +0 hat
 s - the +1 hat "Jatidafi" (worn) {rElec rN++ Str-4 Stlth-}
   (You acquired it on level 4 of the Dungeon)

   Str:       It affects your strength (-4).
   rElec:     It insulates you from electricity.
   rN:        It greatly protects you from negative energy.
   Stlth:     It makes you less stealthy.
 t - the +3 leather armour of the Clam (worn) {Str+5 SInv}
   (You found it on level 3 of the Dungeon)

   Str:       It affects your strength (+5).
   SInv:      It lets you see invisible.
Jewellery
 i - a +5 ring of evasion (left hand)
 n - an amulet of guardian spirit (around neck)
 r - a ring of protection from fire (right hand)
Scrolls
 b - a scroll of blinking
 m - 2 scrolls of teleportation
 p - a scroll of fog
 u - a scroll of identify
Potions
 f - 2 potions of brilliance
 g - a potion of curing
 h - a potion of flight {unknown}
 j - 2 potions of heal wounds {unknown}
 o - a potion of berserk rage {unknown}
 q - a potion of experience {unknown}
 v - a potion of haste {unknown}


   Skills:
 - Level 5.0 Fighting
 - Level 10.0 Ranged Weapons
 + Level 3.0 Dodging
 - Level 1.3 Stealth


You had 6 spell levels left.
You didn't know any spells.
Your spell library contained the following spells:

 Spells                   Type           Power      Damage    Failure   Level
 Blink                    Tloc           0%         N/A       63%         2
 Manifold Assault         Tloc           0%         N/A       99%         4
 Storm Form               Tmut/Air       0%         N/A       100%        7


Dungeon Overview and Level Annotations

Branches:
Dungeon (4/15)
 Temple: D:4-7

Altars:
Qazlal
The Shining One

Shops:
D:4 [?

Annotations:
D:4 superbruh's ghost, amateur DsFi


Innate Abilities, Weirdness & Mutations

You are small and have problems with some larger weapons.
You are completely attuned to the shadows.


Message History

Superbruh's ghost hits you.
* * * LOW HITPOINT WARNING * * *
You shoot a sling bullet.
The sling bullet hits superbruh's ghost but does no damage.
Superbruh's ghost is severely damaged.
You shoot a sling bullet.
The sling bullet barely misses superbruh's ghost.
Superbruh's ghost hits you.
* * * LOW HITPOINT WARNING * * *
You shoot a sling bullet.
The sling bullet closely misses superbruh's ghost.
Superbruh's ghost hits you.
* * * LOW HITPOINT WARNING * * *
You shoot a sling bullet.
The sling bullet barely misses superbruh's ghost.
Superbruh's ghost hits you but does no damage.
You shoot a sling bullet.
The sling bullet barely misses superbruh's ghost.
Superbruh's ghost hits you but does no damage.
You shoot a sling bullet.
The sling bullet hits superbruh's ghost.
Superbruh's ghost is severely damaged.
Superbruh's ghost hits you but does no damage.
You shoot a sling bullet.
The sling bullet hits superbruh's ghost!
Superbruh's ghost is almost destroyed.
Superbruh's ghost hits you but does no damage.
You shoot a sling bullet.
The sling bullet hits superbruh's ghost but does no damage.
Superbruh's ghost is almost destroyed.
Superbruh's ghost hits you.
* * * LOW HITPOINT WARNING * * *
You shoot a sling bullet.
The sling bullet hits superbruh's ghost but does no damage.
Superbruh's ghost is almost destroyed.
You feel less wooden.
The +1 hat "Jatidafi" {rElec rN++ Str-4 Stlth-} unmelds from your body.
The +3 leather armour of the Clam {Str+5 SInv} unmelds from your body.
Superbruh's ghost hits you!
You die...

###..#### #.....#.# #.....#..
####.#..... ##..........
#......##...
##########...........
##..#.....#...........
##...'@W~~:#...........
###....#.....###.........
#...##########.#......... ##..###
#........#..... #.....#
####.#...........
#....#####....#...........
######..###......##...........
#..###..#.........รท....#..##..
####..........#..................


You could see superbruh's ghost.

Vanquished Creatures
  An ogre (D:4)
  3 scorpions (D:4)
  2 hounds (D:4)
  Natasha (thrice) (D:2)
  An iguana (D:4)
  7 gnolls
  3 adders
  A white imp (D:3)
  A worm (D:2)
  A dart slug (D:2)
  8 orcs
  5 ball pythons
  5 bats
  An endoplasm (D:4)
  3 giant cockroaches (D:3)
  5 hobgoblins
  9 jackals
  8 kobolds
  A quokka (D:2)
  4 frilled lizards
  9 goblins
  A goblin skeleton (D:3)
  2 goblin zombies (D:3)
  3 hobgoblin zombies (D:3)
  3 orc skeletons (D:3)
  3 orc zombies (D:3)
  3 rats
96 creatures vanquished.

Vanquished Creatures (others)
  6 plants (D:2)
6 creatures vanquished.

Grand Total: 102 creatures vanquished

Notes
Turn   | Place    | Note
-------+----------+-------------------------------------------
     0 | D:1      | Newt the Kobold Hunter began the quest for the Orb.
     0 | D:1      | Reached XP level 1. HP: 12/12 MP: 1/1
   122 | D:1      | Reached XP level 2. HP: 16/18 MP: 2/2
   681 | D:1      | Reached XP level 3. HP: 23/23 MP: 3/3
  1395 | D:2      | Reached XP level 4. HP: 30/30 MP: 4/4
  1536 | D:2      | Noticed Natasha
  1547 | D:2      | Killed Natasha
  1548 | D:2      | Reached skill level 5 in Fighting
  1548 | D:2      | Reached XP level 5. HP: 30/35 MP: 5/5
  1593 | D:2      | Found a stormy altar of Qazlal.
  1637 | D:2      | Noticed Natasha
  1643 | D:2      | Killed Natasha
  1644 | D:2      | Reached skill level 6 in Ranged Weapons
  1947 | D:2      | Noticed Natasha
  1951 | D:2      | Killed Natasha
  2086 | D:3      | Found a faded altar of an unknown god.
  2160 | D:3      | Reached skill level 7 in Ranged Weapons
  2185 | D:3      | Reached XP level 6. HP: 17/40 MP: 2/6
  2569 | D:3      | Identified the +3 leather armour of the Clam {Str+5 SInv}
  2685 | D:3      | Found a glowing golden altar of the Shining One.
  3029 | D:4      | Noticed an ogre
  3034 | D:4      | Killed an ogre
  3035 | D:4      | Reached skill level 8 in Ranged Weapons
  3345 | D:4      | Identified a scroll of acquirement
  3345 | D:4      | Acquired the +1 hat "Jatidafi" {rElec rN++ Str-4 Stlth-}
  3478 | D:4      | Found Maurey's Magic Scroll Shoppe.
  3491 | D:4      | Reached XP level 7. HP: 34/44 MP: 5/7
  3546 | D:4      | Bought a scroll of identify for 20 gold pieces
  3705 | D:4      | Reached skill level 9 in Ranged Weapons
  3875 | D:4      | Found Affus's Armour Boutique.
  3939 | D:4      | Found a runed translucent door.
  3966 | D:4      | Reached skill level 10 in Ranged Weapons
  4237 | D:4      | Noticed superbruh's ghost (amateur DsFi)
  4286 | D:4      | Slain by superbruh's ghost

Illustrated notes

Levels and vault maps discovered:
D:1:      minmay_arrival_shattered_statue, layout_basic
D:2:      layout_loops_ring, basic_altar, st_stairs_10, serial_bayou_lake_a,
          uniq_natasha
D:3:      layout_rooms, nicolae_tso_besieged_by_evil, basic_ecumenical_altar
D:4:      layout_cave_pools, serial_shops, shop, ebering_ghost_reflecting_pool,
          kennysheep_small_square

Skill      XL: |  1  2  3  4  5  6  7 |
---------------+----------------------+-----
Fighting       | 3 4 5 |  5.0
Ranged Weapons | 7 8 10 | 10.0
Dodging        | 3 |  3.0
Stealth        | |  1.3

Action                     |  1- 3 |  4- 6 |  7- 9 || total
---------------------------+-------+-------+-------++-------
   Fire: Shortbow          |    81 |   145 |       ||   226
         Sling             |       |    18 |   137 ||   155
    Use: Scroll            |     2 |     8 |     2 ||    12
         Potion            |       |       |     1 ||     1
 Armour: Leather armour    |     7 |     8 |    14 ||    29
         Skin              |       |       |    26 ||    26
  Dodge: Dodged            |    50 |    84 |    63 ||   197

Table legend: (Time is in decaauts)
 A = Elapsed time spent in this place.
 B = Non-inter-level travel time spent in this place.
 C = Inter-level travel time spent in this place.
 D = Time resting spent in this place.
 E = Time spent auto-exploring this place.
 F = Levels seen in this place.
 G = Mean time per level.
                   A        B        C        D        E       F      G
               +--------+--------+--------+--------+--------+-----+--------+
         Total |   4371 |   4241 |    130 |    580 |   3009 |   4 | 1092.8 |
       Dungeon |   4371 |   4241 |    130 |    580 |   3009 |   4 | 1092.8 |
               +--------+--------+--------+--------+--------+-----+--------+

Top non-repeatable levels by time:
     D:4: 1259 daAuts
     D:1: 1162 daAuts
     D:3: 997 daAuts
     D:2: 952 daAuts
